| TOP OF THE 1ST |
|
Palm Beach Nationals batting - Pitching for Houston Colt .45's : LHP Rod Somerville
|
|
Pitching: LHP Rod Somerville
|
|
|
Batting: RHB Taffounnout Kame
|
0-0: Foul Ball, location: 2F 0-1: Fly out, F9 (Flyball, 9, EV 93.1 MPH)
|
|
Batting: RHB Aaron Bateman
|
0-0: SINGLE (Line Drive, 6M, EV 96.9 MPH)
|
|
Batting: LHB Chris Williams
|
0-0: Called Strike 0-1: Ball 1-1: Foul Ball, location: 2F 1-2: Strikes out swinging
|
|
Batting: RHB Vasag Semerjian
|
0-0: Ball 1-0: Foul Ball, location: 2F 1-1: Ball 2-1: Foul Ball, location: 2F 2-2: Ball 3-2: Strikes out swinging
|
| Top of the 1st over - 0 runs, 1 hit, 0 errors, 1 left on base; Palm Beach 0 - Houston 0 |
| BOTTOM OF THE 1ST |
|
Houston Colt .45's batting - Pitching for Palm Beach Nationals : RHP Jessie Fisher
|
|
Pitching: RHP Jessie Fisher
|
|
|
Batting: RHB Daniel Pena
|
0-0: Ball 1-0: Called Strike 1-1: Called Strike 1-2: Ball 2-2: Foul Ball, location: 2F 2-2: SINGLE (Flyball, 89S, EV 93.8 MPH)
|
|
Batting: LHB Bruce Arvizu
|
0-0: Ball 1-0: Called Strike Balk! Daniel Pena to second 1-1: Foul Ball, location: 2F 1-2: Foul Ball, location: 2F 1-2: Strikes out swinging
|
|
Batting: RHB Jason Monico
|
0-0: Hit by Pitch
|
|
Batting: RHB Jarno van Lente
|
0-0: Ball 1-0: Foul Ball, location: 2F 1-1: Called Strike 1-2: Fielders Choice at 2nd, 3-6 (Groundball, 34, EV 91.2 MPH) Daniel Pena to third
|
|
Batting: LHB Bob Govella
|
0-0: Foul Ball, location: 2F 0-1: Swinging Strike 0-2: Foul Ball, location: 2F 0-2: Strikes out swinging
|
| Bottom of the 1st over - 0 runs, 1 hit, 0 errors, 2 left on base; Palm Beach 0 - Houston 0 |
| TOP OF THE 2ND |
|
Palm Beach Nationals batting - Pitching for Houston Colt .45's : LHP Rod Somerville
|
|
Batting: RHB Er Le
|
0-0: Ground out 6-3 (Groundball, 6, EV 102.5 MPH)
|
|
Batting: SHB John Husson
|
0-0: Ball 1-0: Foul Ball, location: 2F 1-1: Ball 2-1: Foul Ball, location: 2F 2-2: Foul Ball, location: 2F 2-2: Strikes out swinging
|
|
Batting: RHB Steve Kunselman
|
0-0: Ball 1-0: Ball 2-0: Called Strike 2-1: Called Strike 2-2: Foul Ball, location: 2F 2-2: Strikes out swinging, 2-3 out at first.
|
| Top of the 2nd over - 0 runs, 0 hits, 0 errors, 0 left on base; Palm Beach 0 - Houston 0 |
| BOTTOM OF THE 2ND |
|
Houston Colt .45's batting - Pitching for Palm Beach Nationals : RHP Jessie Fisher
|
|
Batting: RHB John Moore
|
0-0: Swinging Strike 0-1: Ball 1-1: Ball 2-1: Ball 3-1: DOUBLE (Flyball, 8RXD, EV 105.6 MPH)
|
|
Batting: SHB Terciero Ortiz
|
0-0: Called Strike 0-1: Ball 1-1: Swinging Strike 1-2: Hit by Pitch
|
|
Batting: LHB Ryan Fridley
|
0-0: Ball 1-0: Ball 2-0: Fly out, F8 (Line Drive, 8LM, EV 85.6 MPH)
|
|
Batting: RHB Patrick Pinault
|
0-0: Ball 1-0: Called Strike 1-1: Ball 2-1: Swinging Strike 2-2: Fly out, F7 (Flyball, 78M, EV 94.4 MPH)
|
|
Batting: RHB Daniel Pena
|
0-0: Ball Wild Pitch! John Moore to third Terciero Ortiz to second 1-0: Swinging Strike 1-1: SINGLE (Groundball, 4D, EV 105.0 MPH) John Moore scores Terciero Ortiz to third Runner from 3rd tries for Home, SAFE, throw by RF to home
|
|
Batting: LHB Bruce Arvizu
|
0-0: Called Strike 0-1: Fly out, F8 (Flyball, 8LD, EV 91.2 MPH)
|
| Bottom of the 2nd over - 2 runs, 2 hits, 0 errors, 1 left on base; Palm Beach 0 - Houston 2 |
| TOP OF THE 3RD |
|
Palm Beach Nationals batting - Pitching for Houston Colt .45's : LHP Rod Somerville
|
|
Batting: RHB Kenny Ball
|
0-0: Ball 1-0: Swinging Strike 1-1: Ball 2-1: Foul Ball, location: 2F 2-2: Fly out, F8 (Line Drive, 8LM, EV 86.2 MPH)
|
|
Batting: RHB Joe Simmelink
|
0-0: Ball 1-0: Foul Ball, location: 2F 1-1: Ball 2-1: Ball 3-1: Base on Balls
|
|
Batting: RHB Taffounnout Kame
|
0-0: Called Strike 0-1: Ball 1-1: Ball 2-1: Foul Ball, location: 2F 2-2: Strikes out swinging
|
|
Batting: RHB Aaron Bateman
|
0-0: Called Strike 0-1: Ball 1-1: Foul Ball, location: 2F 1-2: Ball 2-2: Ball 3-2: Ground out 5-3 (Groundball, 56S, EV 71.9 MPH)
|
| Top of the 3rd over - 0 runs, 0 hits, 0 errors, 1 left on base; Palm Beach 0 - Houston 2 |
| BOTTOM OF THE 3RD |
|
Houston Colt .45's batting - Pitching for Palm Beach Nationals : RHP Jessie Fisher
|
|
Batting: RHB Jason Monico
|
0-0: Swinging Strike 0-1: Swinging Strike 0-2: Ball 1-2: Foul Ball, location: 2F 1-2: Ball 2-2: Foul Ball, location: 2F 2-2: SOLO HOME RUN (Line Drive, 7LD, EV 100.6 MPH), Distance : 370 ft
|
|
Batting: RHB Jarno van Lente
|
0-0: Fly out, F7 (Flyball, 7D, EV 88.8 MPH)
|
|
Batting: LHB Bob Govella
|
0-0: Called Strike 0-1: Foul Ball, location: 2F 0-2: Ball 1-2: Ball 2-2: Ball 3-2: Base on Balls
|
|
Batting: RHB John Moore
|
0-0: Called Strike 0-1: Called Strike Bob Govella steals 2nd base 0-2: Ball 1-2: Ball 2-2: Strikes out swinging
|
|
Pitching: RHP Mike Hamilton
|
|
|
Batting: SHB Terciero Ortiz
|
0-0: Called Strike 0-1: Foul Ball, location: 2F 0-2: Ball 1-2: Ground out 4-3 (Groundball, 4, EV 81.9 MPH)
|
| Bottom of the 3rd over - 1 run, 1 hit, 0 errors, 1 left on base; Palm Beach 0 - Houston 3 |
| TOP OF THE 4TH |
|
Palm Beach Nationals batting - Pitching for Houston Colt .45's : LHP Rod Somerville
|
|
Batting: LHB Chris Williams
|
0-0: Called Strike 0-1: Ball 1-1: Foul Ball, location: 2F 1-2: SINGLE (Flyball, 3D, EV 93.1 MPH)
|
|
Batting: RHB Vasag Semerjian
|
0-0: Called Strike 0-1: Called Strike 0-2: Ball 1-2: Ball 2-2: Ball 3-2: Strikes out swinging
|
|
Batting: RHB Er Le
|
0-0: Ball 1-0: Ball 2-0: Called Strike 2-1: Fielders Choice at 2nd, 5-4 (Groundball, 56S, EV 77.5 MPH)
|
|
Batting: SHB John Husson
|
0-0: Swinging Strike 0-1: Ball 1-1: Swinging Strike 1-2: Strikes out swinging
|
| Top of the 4th over - 0 runs, 1 hit, 0 errors, 1 left on base; Palm Beach 0 - Houston 3 |
| BOTTOM OF THE 4TH |
|
Houston Colt .45's batting - Pitching for Palm Beach Nationals : RHP Mike Hamilton
|
|
Batting: LHB Ryan Fridley
|
0-0: Ball 1-0: Ball 2-0: Ground out 6-3 (Groundball, 6M, EV 85.0 MPH)
|
|
Batting: RHB Patrick Pinault
|
0-0: Ball 1-0: Called Strike 1-1: Foul Ball, location: 2F 1-2: Ball 2-2: Ground out 5-3 (Groundball, 56S, EV 90.0 MPH)
|
|
Batting: RHB Daniel Pena
|
0-0: Ball 1-0: Fly out, F8 (Flyball, 8RM, EV 86.9 MPH)
|
| Bottom of the 4th over - 0 runs, 0 hits, 0 errors, 0 left on base; Palm Beach 0 - Houston 3 |
| TOP OF THE 5TH |
|
Palm Beach Nationals batting - Pitching for Houston Colt .45's : LHP Rod Somerville
|
|
Batting: RHB Steve Kunselman
|
0-0: Ball 1-0: Ball 2-0: Ball 3-0: Called Strike 3-1: Called Strike 3-2: Strikes out swinging
|
|
Pitching: RHP Andy Harrigan
|
|
|
Batting: RHB Kenny Ball
|
0-0: Called Strike 0-1: Foul Ball, location: 2F 0-2: Ball 1-2: Strikes out swinging
|
|
Batting: RHB Joe Simmelink
|
0-0: Ball 1-0: Ball 2-0: Ball 3-0: Base on Balls
|
|
Batting: RHB Taffounnout Kame
|
0-0: Called Strike 0-1: Ball 1-1: Swinging Strike 1-2: Strikes out looking
|
| Top of the 5th over - 0 runs, 0 hits, 0 errors, 1 left on base; Palm Beach 0 - Houston 3 |
| BOTTOM OF THE 5TH |
|
Houston Colt .45's batting - Pitching for Palm Beach Nationals : RHP Mike Hamilton
|
|
Batting: LHB Bruce Arvizu
|
0-0: Called Strike 0-1: Ball 1-1: Called Strike 1-2: Ball 2-2: SINGLE (Line Drive, 4D, EV 103.1 MPH)
|
|
Batting: RHB Jason Monico
|
0-0: Called Strike Bruce Arvizu steals 2nd base (no throw) 0-1: Ball 1-1: Fly out, F9 (Flyball, 9D, EV 99.4 MPH) Runner from 2nd tags up, SAFE at 3rd, no throw by RF
|
|
Batting: RHB Jarno van Lente
|
0-0: Swinging Strike 0-1: Foul Ball, location: 2F 0-2: Foul Ball, location: 2F 0-2: Ball 1-2: Ball 2-2: Ball 3-2: Foul Ball, location: 2F 3-2: Foul Ball, location: 2F 3-2: 2-RUN HOME RUN (Flyball, 7D, EV 97.5 MPH), Distance : 371 ft
|
|
Batting: LHB Bob Govella
|
0-0: Ball 1-0: SINGLE (Groundball, 34D, EV 98.1 MPH)
|
|
Batting: RHB John Moore
|
0-0: Fly out, F8 (Line Drive, 8RM, EV 86.9 MPH)
|
|
Batting: SHB Terciero Ortiz
|
0-0: Called Strike Bob Govella steals 2nd base 0-1: Ball 1-1: Ball 2-1: Ball 3-1: Ground out U3 (Groundball, 23, EV 92.5 MPH)
|
| Bottom of the 5th over - 2 runs, 3 hits, 0 errors, 1 left on base; Palm Beach 0 - Houston 5 |
| TOP OF THE 6TH |
|
Palm Beach Nationals batting - Pitching for Houston Colt .45's : RHP Andy Harrigan
|
|
Batting: RHB Aaron Bateman
|
0-0: Called Strike 0-1: Called Strike 0-2: Ground out 4-3 (Groundball, 4S, EV 89.4 MPH)
|
|
Batting: LHB Chris Williams
|
0-0: Ball 1-0: Foul Ball, location: 2F 1-1: Foul Ball, location: 2F 1-2: Foul Ball, location: 2F 1-2: Ball 2-2: Ball 3-2: Fly out, F8 (Flyball, 89M, EV 93.8 MPH)
|
|
Pitching: LHP Bernard Grose
|
|
|
Batting: RHB Vasag Semerjian
|
0-0: Ball 1-0: Ball 2-0: Ball 3-0: Base on Balls
|
|
Batting: RHB Er Le
|
0-0: Foul Ball, location: 2F 0-1: Called Strike 0-2: Strikes out swinging
|
| Top of the 6th over - 0 runs, 0 hits, 0 errors, 1 left on base; Palm Beach 0 - Houston 5 |
| BOTTOM OF THE 6TH |
|
Houston Colt .45's batting - Pitching for Palm Beach Nationals : RHP Mike Hamilton
|
|
Batting: LHB Ryan Fridley
|
0-0: Ball 1-0: Ball 2-0: Ball 3-0: Called Strike 3-1: Base on Balls
|
|
Batting: RHB Patrick Pinault
|
0-0: Foul Ball, location: 2F 0-1: SINGLE (Line Drive, 5D, EV 95.0 MPH) Ryan Fridley to second
|
|
Batting: RHB Daniel Pena
|
0-0: Ball 1-0: Swinging Strike 1-1: Ball 2-1: Ball 3-1: Base on Balls Ryan Fridley to third Patrick Pinault to second
|
|
Batting: LHB Bruce Arvizu
|
0-0: Fielders Choice at 2nd, 3-6 (Groundball, 3, EV 84.4 MPH) Ryan Fridley scores Patrick Pinault to third
|
|
Batting: RHB Jason Monico
|
0-0: Called Strike 0-1: Foul Ball, location: 2F 0-2: Ball 1-2: Ball 2-2: Strikes out swinging
|
|
Batting: RHB Jarno van Lente
|
0-0: Ball 1-0: Ball 2-0: SINGLE (Groundball, 56D, EV 94.4 MPH) Patrick Pinault scores Bruce Arvizu to second
|
|
Batting: LHB Bob Govella
|
0-0: Foul Ball, location: 2F 0-1: Called Strike 0-2: Ball 1-2: Ball 2-2: Ball 3-2: Foul Ball, location: 2F 3-2: Foul Ball, location: 2F 3-2: Base on Balls Bruce Arvizu to third Jarno van Lente to second
|
|
Pitching: RHP Kiyonaga Nakamura
|
|
|
Batting: RHB John Moore
|
0-0: Fly out, F8 (Flyball, 8RD, EV 86.9 MPH)
|
| Bottom of the 6th over - 2 runs, 2 hits, 0 errors, 3 left on base; Palm Beach 0 - Houston 7 |
| TOP OF THE 7TH |
|
Palm Beach Nationals batting - Pitching for Houston Colt .45's : LHP Bernard Grose
|
|
Batting: SHB John Husson
|
0-0: Called Strike 0-1: Foul Ball, location: 2F 0-2: Ball 1-2: Ball 2-2: Ball 3-2: Foul Ball, location: 2F 3-2: Foul Ball, location: 2F 3-2: Foul Ball, location: 2F 3-2: Strikes out swinging
|
|
Batting: RHB Steve Kunselman
|
0-0: Called Strike 0-1: Ball 1-1: Ball 2-1: Swinging Strike 2-2: Strikes out swinging
|
|
Batting: RHB Kenny Ball
|
0-0: SINGLE (Groundball, 6S, EV 95.6 MPH)
|
|
Batting: RHB Joe Simmelink
|
0-0: Swinging Strike 0-1: Foul Ball, location: 2F 0-2: SINGLE (Line Drive, 34D, EV 98.1 MPH) Kenny Ball to second
|
|
Batting: RHB Taffounnout Kame
|
0-0: Called Strike 0-1: Foul Ball, location: 2F 0-2: Ball 1-2: Ball 2-2: Ball 3-2: Strikes out swinging
|
| Top of the 7th over - 0 runs, 2 hits, 0 errors, 2 left on base; Palm Beach 0 - Houston 7 |
| BOTTOM OF THE 7TH |
|
Houston Colt .45's batting - Pitching for Palm Beach Nationals : RHP Kiyonaga Nakamura
|
|
Batting: SHB Terciero Ortiz
|
0-0: Ball 1-0: SINGLE (Flyball, 78S, EV 85.0 MPH)
|
|
Batting: LHB Ryan Fridley
|
0-0: Ball 1-0: Called Strike 1-1: Ball 2-1: Fielders Choice at 2nd, 5-4 (Groundball, 6, EV 81.9 MPH)
|
|
Batting: RHB Patrick Pinault
|
0-0: Foul Ball, location: 2F 0-1: Fly out, F3 (Popup, 23F, EV 84.4 MPH)
|
|
Batting: RHB Daniel Pena
|
0-0: Fly out, F2 (Popup, 2LF, EV 90.0 MPH)
|
| Bottom of the 7th over - 0 runs, 1 hit, 0 errors, 1 left on base; Palm Beach 0 - Houston 7 |
| TOP OF THE 8TH |
|
Palm Beach Nationals batting - Pitching for Houston Colt .45's : LHP Bernard Grose
|
|
Batting: RHB Aaron Bateman
|
0-0: Ground out 6-3 (Groundball, 6, EV 81.2 MPH)
|
|
Pinch Hitting: RHB Justin Davenport
|
0-0: Foul Ball, location: 2F 0-1: Ball 1-1: Ball 2-1: Ball 3-1: Foul Ball, location: 2F 3-2: Foul Ball, location: 2F 3-2: Foul Ball, location: 2F 3-2: Foul Ball, location: 2F 3-2: Fly out, F7 (Flyball, 7, EV 90.6 MPH)
|
|
Batting: RHB Vasag Semerjian
|
0-0: Called Strike 0-1: Ball 1-1: Ball 2-1: Foul Ball, location: 2F 2-2: SINGLE (Groundball, 56D, EV 105.0 MPH)
|
|
Batting: RHB Er Le
|
0-0: Ball 1-0: Swinging Strike 1-1: Foul Ball, location: 2F 1-2: Strikes out swinging
|
| Top of the 8th over - 0 runs, 1 hit, 0 errors, 1 left on base; Palm Beach 0 - Houston 7 |
| BOTTOM OF THE 8TH |
|
Houston Colt .45's batting - Pitching for Palm Beach Nationals : RHP Kiyonaga Nakamura
|
|
Now in RF: Vince McLane
|
|
|
Batting: LHB Bruce Arvizu
|
0-0: Ball 1-0: Ball 2-0: Called Strike 2-1: Ball 3-1: Base on Balls
|
|
Batting: RHB Jason Monico
|
0-0: Fly out, F8 (Line Drive, 8RD, EV 108.8 MPH)
|
|
Batting: RHB Jarno van Lente
|
0-0: Ball 1-0: Foul Ball, location: 2F 1-1: Foul Ball, location: 2F 1-2: Strikes out swinging
|
|
Batting: LHB Bob Govella
|
0-0: Called Strike 0-1: Foul Ball, location: 2F Balk! Bruce Arvizu to second 0-2: Ball 1-2: Ball 2-2: Ball 3-2: Base on Balls
|
|
Batting: RHB John Moore
|
0-0: Ball 1-0: Called Strike 1-1: SINGLE (Groundball, 34S, EV 96.2 MPH) Bruce Arvizu to third Bob Govella to second Runner from 3rd tries for Home, SAFE, throw by RF to home
|
|
Batting: SHB Terciero Ortiz
|
0-0: Ball 1-0: Fly out, F8 (Flyball, 8RD, EV 96.2 MPH)
|
| Bottom of the 8th over - 1 run, 1 hit, 0 errors, 2 left on base; Palm Beach 0 - Houston 8 |
| TOP OF THE 9TH |
|
Palm Beach Nationals batting - Pitching for Houston Colt .45's : LHP Bernard Grose
|
|
Pitching: RHP Muckle Wildriver
|
|
|
Pinch Hitting: RHB Chad Madsen
|
0-0: Called Strike 0-1: Foul Ball, location: 2F 0-2: Foul Ball, location: 2F 0-2: Strikes out swinging
|
|
Batting: RHB Steve Kunselman
|
0-0: Swinging Strike 0-1: Ball 1-1: Ball 2-1: Ball 3-1: Called Strike 3-2: Foul Ball, location: 2F 3-2: SINGLE (Groundball, 56D, EV 106.2 MPH)
|
|
Pinch Hitting: RHB Scott Merritt
|
0-0: Ball 1-0: Ball Wild Pitch! Steve Kunselman to second 2-0: Called Strike 2-1: Foul Ball, location: 2F 2-2: Foul Ball, location: 2F 2-2: Strikes out swinging
|
|
Batting: RHB Joe Simmelink
|
0-0: Called Strike 0-1: Ball 1-1: Fly out, F8 (Flyball, 8LXD, EV 96.9 MPH)
|
| Top of the 9th over - 0 runs, 1 hit, 0 errors, 1 left on base; Palm Beach 0 - Houston 8 |
|